 Dungeon Crawl Stone Soup version 0.28-a0-622-gbaef9634d7 (webtiles) character file.

Game seed: 3190919300049670690

51 tilp the Conjurer (level 3, 14/14 HPs)
             Began as a Felid Hedge Wizard on Oct 7, 2021.
             Was an Initiate of Vehumet.
             Quit the game on level 3 of the Dungeon.
             The game lasted 00:03:46 (4288 turns).

tilp the Conjurer (Felid Hedge Wizard)              Turns: 4288, Time: 00:03:46

Health: 14/14      AC:  1    Str:  6    XL:     3   Next: 58%
Magic:  8/8        EV: 17    Int: 16    God:    Vehumet [......]
Gold:   78         SH:  0    Dex: 15    Spells: 1/8 levels left
                                        Lives:  0   Deaths: 1

rFire   . . .      SeeInvis +   (weapon unavailable)
rCold   . . .      Faith    .   (shield unavailable)
rNeg    . . .      Spirit   .   (armour unavailable)
rPois   .          Reflect  .   (helmet unavailable)
rElec   .          Harm     .   (cloak unavailable)
rCorr   .          Rampage  .   (gloves unavailable)
Will    .....                   (boots unavailable)
Stlth   ++........              (no amulet)
HPRegen 0.04/turn               (no ring)
MPRegen 0.11/turn               (no ring)

@: quick
A: very small, claws 1, fangs 3, see invisible, speed 1, shaggy fur 1, stealthy
paws, no weapons or thrown items, no armour, multi-lived
a: Renounce Religion


You were on level 3 of the Dungeon.
You worshipped Vehumet.
Vehumet was noncommittal.
You visited 1 branch of the dungeon, and saw 3 of its levels.

You collected 78 gold pieces.

Inventory:

Potions
 a - a potion of heal wounds {unknown}
 b - a potion of curing {unknown}
 c - 2 potions of flight
 e - a potion of cancellation {unknown}
 f - a potion of haste {unknown}
 g - a potion of mutation {unknown}
 i - a potion of berserk rage {unknown}
 j - 2 potions of lignification


   Skills:
 - Level 2.6 Dodging
 - Level 2.6 Stealth
 + Level 0.8 Unarmed Combat
 - Level 3.0 Spellcasting
 - Level 4.0 Conjurations
 - Level 1.0 Summonings
 - Level 1.5 Translocations


You had one spell level left.
You knew the following spells:

 Your Spells              Type           Power      Damage    Failure   Level
a - Magic Dart            Conj           60%        1d6       3%          1
b - Call Imp              Summ           5%         N/A       19%         2
c - Blink                 Tloc           N/A        N/A       16%         2
d - Slow                  Hex            2%         N/A       28%         2

Your spell library contained the following spells:

 Spells                   Type           Power      Damage    Failure   Level
 Apportation              Tloc           14%        N/A       10%         1
 Conjure Flame            Conj/Fire      8%         6-21      24%         3
 Mephitic Cloud           Conj/Pois/Air  6%         N/A       32%         3
 Alistair's Intoxication  Tmut/Pois      1%         N/A       99%         5
 Invisibility             Hex            1%         N/A       100%        6


Dungeon Overview and Level Annotations

Branches:
Dungeon (3/15)

Altars:
Okawaru
Vehumet


Innate Abilities, Weirdness & Mutations

You have sharp claws.
You have razor-sharp teeth.
You have supernaturally acute eyesight. (SInv)
You cover ground quickly. (Speed+)
You are covered in fur. (AC +1)
Your paws help you pounce on unaware monsters.
You are incapable of wielding weapons or throwing items.
You cannot wear armour.
You gain extra lives every three experience levels.


Message History

The iguana is severely wounded.
Your crimson imp hits the iguana but does no damage.
The iguana bites you!
Ouch! That really hurt!
* * * LOW HITPOINT WARNING * * *
You scratch the iguana but do no damage.
Your bite misses the iguana.
The iguana is severely wounded.
Your crimson imp closely misses the iguana.
The iguana misses you.
You completely miss the iguana.
The iguana is severely wounded.
Your magical contamination has completely faded away.
You scratch the iguana.
The iguana is severely wounded.
Your crimson imp barely misses the iguana.
The iguana barely misses you.
You barely miss the iguana.
The iguana is severely wounded.
Your crimson imp hits the iguana.
The iguana barely misses you.
You barely miss the iguana.
The iguana is almost dead.
Your crimson imp blinks!
The iguana closely misses you.
Casting: Magic Dart (safe; 3% risk of failure)
Confirm with . or Enter, or press ? or * to list all spells.
Aiming: Magic Dart (safe; 3% risk of failure)
Press: ? - help, Shift-Dir - straight line, f/p - iguana
Aim: an iguana (almost dead, 100% to hit)
The magic dart hits the iguana.
The iguana is almost dead.
The iguana bites you.
You die...
You are now level 3!
You rejoin the land of the living...
Unknown command.
Unknown command.
Unknown command.
Unknown command.
Are you sure you want to abandon this character and quit the game? (Confirm with "yes".)

#.######## #.........
#.########### #.########
#######...........# #.#
# #.................#
#.# #
#######...........#
#.######## #...........#
#..)......
#...........###.###.....
#...........'..>........
#......@....###.###.###<
####.#####'## #.......).
#.# #[# #####.###. #.#
#.# #.#### #####.# #.#
#..... #.....#####.#
######
#.##.....##.####### #
#.##..............# ###
#.##..............# #..


There were no monsters in sight!

Vanquished Creatures
  A hound (D:3)
  An orc priest (D:3)
  A dart slug (D:2)
  6 orcs (D:3)
  4 endoplasms
  A giant cockroach (D:2)
  3 hobgoblins
  5 ball pythons
  3 bats
  8 goblins
  6 kobolds
  2 rats (D:2)
41 creatures vanquished.

Notes
Turn   | Place    | Note
-------+----------+-------------------------------------------
     0 | D:1      | tilp the Felid Hedge Wizard began the quest for the Orb.
     0 | D:1      | Reached XP level 1. HP: 7/7 MP: 5/5
    26 | D:1      | Reached skill level 1 in Conjurations
   311 | D:1      | Found a faded altar of an unknown god.
   655 | D:1      | Reached XP level 2. HP: 6/11 MP: 0/7
   658 | D:1      | Learned a level 2 spell: Blink
   661 | D:1      | Learned a level 2 spell: Call Imp
   664 | D:1      | Learned a level 2 spell: Slow
   835 | D:1      | Reached skill level 2 in Conjurations
  1145 | D:2      | Found an iron altar of Okawaru.
  2556 | D:3      | Reached XP level 3. HP: 14/14 MP: 1/8
  2683 | D:3      | Reached skill level 3 in Conjurations
  2788 | D:3      | Reached XP level 4. HP: 13/18 MP: 0/9
  3316 | D:3      | Reached skill level 4 in Conjurations
  3540 | D:3      | Found a radiant altar of Vehumet.
  3549 | D:3      | Became a worshipper of Vehumet
  4287 | D:3      | Slain by an iguana
  4288 | D:3      | Reached XP level 3. HP: -1/14 MP: 0/8
  4288 | D:3      | Quit the game

Illustrated notes

Levels and vault maps discovered:
D:1:      dpeg_arrival_arbitrary_c, layout_loops_ring,
          shapermc_ecumenical_altar_rom_forum
D:2:      layout_loops_ring, basic_altar, serial_forest,
          infiniplex_forest_clump_medium, infiniplex_forest_clump_curved,
          infiniplex_forest_lined_room_2, infiniplex_forest_clump_small,
          infiniplex_forest_straight_3, infiniplex_forest_lined_ring,
          infiniplex_forest_lined_1, infiniplex_forest_lined_2,
          minmay_fractal_squares_gapless_5
D:3:      layout_basic, nicolae_vehumet_altar_sigil

Skill      XL: |  1  2  3  4 |
---------------+-------------+-----
Conjurations   | 1 2 3 4 |  4.0
Dodging        | |  2.6
Stealth        | |  2.6
Unarmed Combat | |  0.8
Spellcasting   | |  3.0
Summonings     | |  1.0
Translocations | |  1.5

Action                   |  1- 3 |  4- 6 || total
-------------------------+-------+-------++-------
Melee: Unarmed           |     7 |     7 ||    14
       Bite              |     2 |     1 ||     3
 Cast: Magic Dart        |    79 |    42 ||   121
       Call Imp          |     2 |     3 ||     5
  Use: Scroll            |     8 |     1 ||     9
Dodge: Dodged            |    14 |    10 ||    24

Table legend: (Time is in decaauts)
 A = Elapsed time spent in this place.
 B = Non-inter-level travel time spent in this place.
 C = Inter-level travel time spent in this place.
 D = Time resting spent in this place.
 E = Time spent auto-exploring this place.
 F = Levels seen in this place.
 G = Mean time per level.
                   A        B        C        D        E       F      G
               +--------+--------+--------+--------+--------+-----+--------+
         Total |   3880 |   3798 |     82 |   1007 |   2437 |   3 | 1293.3 |
       Dungeon |   3880 |   3798 |     82 |   1007 |   2437 |   3 | 1293.3 |
               +--------+--------+--------+--------+--------+-----+--------+

Top non-repeatable levels by time:
     D:2: 1514 daAuts
     D:3: 1399 daAuts
     D:1: 966 daAuts
